 Dungeon Crawl Stone Soup version 0.23.0 (webtiles) character file.

Game seed: 17410409804484643034

342 mhilhors the Chiller (level 6, -5/45 HPs)
             Began as a Draconian Ice Elementalist on Feb 17, 2019.
             Slain by a wyvern skeleton (12 damage)
             ... on level 3 of the Dungeon.
             The game lasted 00:14:43 (4422 turns).

mhilhors the Chiller (Draconian Ice Elementalist)   Turns: 4422, Time: 00:14:44

Health: -5/45      AC:  8    Str: 10    XL:     6   Next: 30%
Magic:  12/12      EV: 12    Int: 18    God:
Gold:   106        SH:  0    Dex: 11    Spells: 8/13 levels left

rFire    . . .     SeeInvis .   s - +2 trident (venom)
rCold    . . .     Gourm    .   (no shield)
rNeg     . . .     Faith    .   (armour unavailable)
rPois    .         Spirit   .   (helmet restricted)
rElec    .         Reflect  .   (no cloak)
rCorr    .         Harm     .   (no gloves)
MR       .....                  i - +1 pair of boots
Stlth    ++........             (no amulet)
HPRegen  0.15/turn              (no ring)
MPRegen  0.13/turn              (no ring)

@: no status effects
A: unfitting armour, cold-blooded, AC +6
a: no special abilities


You were on level 3 of the Dungeon.
You were not hungry.

You visited 1 branch of the dungeon, and saw 3 of its levels.

You collected 106 gold pieces.

Inventory:

Hand Weapons
 a - a +2 dagger of venom
 b - a +0 hunting sling
 p - a +1 dagger of holy wrath
 s - a +2 trident of venom (weapon)
Missiles
 e - 38 sling bullets
 h - 119 stones (quivered)
 u - 2 tomahawks of dispersal
Armour
 i - a +1 pair of boots (worn)
Jewellery
 A - an uncursed ring of flight {unknown}
Wands
 w - a wand of flame (11)
Scrolls
 f - a scroll of noise
 n - a scroll of random uselessness {unknown}
 r - a scroll of remove curse
 t - a scroll of identify
 v - 2 scrolls of magic mapping
 z - a scroll of fog {unknown}
Potions
 c - a potion of degeneration {unknown}
 d - 2 potions of berserk rage
 g - a potion of resistance {unknown}
 l - 3 potions of flight
 o - a potion of might {unknown}
 x - a potion of brilliance {unknown}
 B - a potion of haste {unknown}
Comestibles
 j - 5 chunks of flesh
 k - 6 rations


   Skills:
 - Level 1.7 Dodging
 - Level 1.7 Stealth
 + Level 4.0 Spellcasting
   Level 1.0 Conjurations
 * Level 2.4 Summonings
 * Level 5.2 Ice Magic


You had 8 spell levels left.
You knew the following spells:

 Your Spells              Type           Power        Failure   Level  Hunger
a - Freeze                Ice            ###.         1%          1    None
b - Summon Ice Beast      Ice/Summ       ###.....     30%         4    ####...

Your spell library contained the following spells:

 Spells                   Type           Power        Failure   Level  Hunger
 Throw Frost              Conj/Ice       ##....       6%          2    ##.....
 Ozocubu's Armour         Chrm/Ice       ##......     16%         3    ###....
 Throw Icicle             Conj/Ice       ##......     38%         4    ####...


Dungeon Overview and Level Annotations

Branches:
Dungeon (3/15)

Altars:
Wu Jian
Xom


Innate Abilities, Weirdness & Mutations

Your plain brown scales are hard. (AC +6)
You cannot fit into any form of body armour.
You are cold-blooded and may be slowed by cold attacks.


Message History

The wyvern skeleton closely misses you.
Okay, then.
Okay, then.
It was a potion of curing.
You feel better. The wyvern skeleton barely misses you.
As you read the scroll labeled NEIMIJ GAGUSEA, it crumbles to dust.
It is a scroll of enchant armour.
Your +0 pair of boots glows green for a moment.
The wyvern skeleton bites you!
* * * LOW HITPOINT WARNING * * *
The wyvern skeleton bites you but does no damage.
Unknown command.
You feel better. The wyvern skeleton bites you.
* * * LOW HITPOINT WARNING * * *
Unknown command.
As you read the scroll labeled JAEKYE LADGHOA, it crumbles to dust.
It is a scroll of amnesia.
Okay, then.
The wyvern skeleton bites you!
You die...

#.##..##..#..............
##.#......................
#).#.................<...#
#.##..................÷.##
#.##...............#.[)###
###....##....#.###..........
#.......#......[<..##..####.
#.............####.###)###
#..........@Z..##..###.÷.###
#....................)##....
#..>...>.......##.###.......
#.............##..# ####...÷
#[............##.## #....
#................ #....
####..........### #####
#..........# #..........#


You could see a wyvern skeleton.

Vanquished Creatures
  Jessica (D:2)
  Ijyb (D:3)
  An orc wizard (D:3)
  Robin (D:2)
  5 gnolls
  10 adders
  2 oozes
  4 worms
  A dart slug (D:1)
  3 leopard geckos
  2 orcs
  11 ball pythons
  2 giant cockroaches
  16 goblins
  8 hobgoblins
  7 jackals
  3 quokkas (D:3)
  5 bats
  5 frilled lizards
  6 kobolds
  6 rats
100 creatures vanquished.

Notes
Turn   | Place    | Note
-------+----------+-------------------------------------------
     0 | D:1      | mhilhors the Draconian Ice Elementalist began the quest for
                  | the Orb.
     0 | D:1      | Reached XP level 1. HP: 14/14 MP: 3/3
   319 | D:1      | Reached XP level 2. HP: 20/20 MP: 1/5
  1596 | D:1      | Reached XP level 3. HP: 25/26 MP: 7/7
  2514 | D:2      | Reached skill level 4 in Ice Magic
  2637 | D:2      | Reached XP level 4. HP: 33/33 MP: 8/8
  2821 | D:2      | Found an ornate altar of the Wu Jian Council.
  2972 | D:2      | Noticed Jessica
  3128 | D:2      | Killed Jessica
  3134 | D:2      | Learned a level 4 spell: Summon Ice Beast
  3166 | D:2      | Found a shimmering altar of Xom.
  3286 | D:2      | Reached XP level 5. HP: 38/38 MP: 8/10
  3466 | D:2      | Noticed Robin
  3476 | D:2      | Killed Robin
  3476 | D:2      | Reached skill level 1 in Summonings
  4009 | D:3      | Noticed Ijyb
  4022 | D:2      | Reached skill level 5 in Ice Magic
  4109 | D:3      | Reached XP level 6. HP: 45/45 MP: 8/11
  4170 | D:3      | Killed Ijyb
  4420 | D:3      | HP: 1/45 [wyvern skeleton (10)]
  4422 | D:3      | Slain by a wyvern skeleton

Skill      XL: |  1  2  3  4  5  6 |
---------------+-------------------+-----
Spellcasting   | 3 4 |  4.0
Ice Magic      | 4 5 |  5.2
Summonings     | 2 |  2.4
Dodging        | |  1.7
Stealth        | |  1.7
Conjurations   | |  1.0

Action                   |  1- 3 |  4- 6 || total
-------------------------+-------+-------++-------
Melee: Unarmed           |    10 |       ||    10
       Club              |    34 |       ||    34
       Dagger            |    27 |    84 ||   111
       Tailslap          |     5 |     9 ||    14
       Trident           |       |    63 ||    63
 Fire: Hunting sling     |     1 |    33 ||    34
Throw: Stone             |    14 |     2 ||    16
 Cast: Freeze            |    29 |    23 ||    52
  Use: Scroll            |     3 |     5 ||     8
       Potion            |     1 |     2 ||     3
 Stab: Sleeping          |     1 |     7 ||     8
  Eat: Chunk             |     6 |     5 ||    11
Armor: Skin              |    32 |    41 ||    73
Dodge: Dodged            |    86 |   108 ||   194
